 Dungeon Crawl Stone Soup version 0.17.2 (webtiles) character file.

16 Shtopit the Insei (level 2, -1/21 HPs)
             Began as a Merfolk Transmuter on May 6, 2016.
             Slain by a gnoll
             ... wielding a +0 whip
              (9 damage)
             ... on level 1 of the Dungeon.
             The game lasted 00:01:26 (517 turns).

Shtopit the Insei (Merfolk Transmuter)               Turns: 517, Time: 00:01:27

Health: -1/21      AC:  2    Str: 10    XL:     2   Next: 58%
Magic:  5/5        EV: 13    Int: 12    God:
Gold:   43         SH:  0    Dex: 14    Spells: 1 memorised, 4 levels left

rFire  . . .     SeeInvis .       - Unarmed
rCold  . . .     Clarity  .     b - +0 robe
rNeg   . . .     SustAt   .     (no shield)
rPois  .         Gourm    .     (no helmet)
rElec  .         Spirit   .     (no cloak)
rCorr  .         Warding  .     (no gloves)
rMut   .         Stasis   .     (no boots)
MR     .....                    (no amulet)
Stlth  +.........               (no ring)
                                (no ring)

@: appendage (expiring), not resistant to hostile enchantments, very unstealthy
A: change form in water, swift swim, horns 2
a: End Transformation


You were on level 1 of the Dungeon.
You were not hungry.
You had grown temporary horns.
You visited 1 branch of the dungeon, and saw 1 of its levels.

You collected 43 gold pieces.

Inventory:

Missiles
 a - 12 arrows
Armour
 b - a +0 robe (worn)
Scrolls
 f - a scroll of remove curse {unknown}
 i - a scroll of fear {unknown}
 l - 2 scrolls of identify {unknown}
Potions
 e - 2 potions of magic {unknown}
 j - a potion of heal wounds {unknown}
Books
 c - a book of Changes

   Spells                             Type                      Level
   a - Beastly Appendage              Transmutation                1
   b - Sticks to Snakes               Transmutation                2
   c - Spider Form                    Transmutation/Poison         3
   d - Ice Form                       Ice/Transmutation            4
   e - Blade Hands                    Transmutation                5
Comestibles
 d - a bread ration
 g - a beef jerky
 h - a meat ration


   Skills:
 + Level 1.1 Fighting
 + Level 3.2 Dodging
 + Level 3.7 Unarmed Combat
 + Level 2.1 Spellcasting
 + Level 2.9 Transmutations


You had 4 spell levels left.
You knew the following spells:

 Your Spells              Type           Power        Failure   Level  Hunger
a - Beastly Appendage     Trmt           #.....       12%         1    ##.....


Dungeon Overview and Level Annotations

Branches:
Dungeon (1/15)

Altars:


Innate Abilities, Weirdness & Mutations

You revert to your normal form in water.
You are very nimble and swift while swimming.
You have a pair of horns on your head.


Message History

The kobold hits you with a dagger.
You hit the kobold but do no damage. Your headbutt misses the kobold.
The kobold is heavily wounded.
The kobold misses you.
You closely miss the kobold.
The kobold is heavily wounded.
The gnoll misses you. The kobold misses you.
You barely miss the gnoll. The gnoll barely misses you.
The kobold hits you with a dagger.
You barely miss the gnoll. The gnoll closely misses you.
The kobold hits you but does no damage.
You barely miss the gnoll.
Your transformation is almost over.
The kobold barely misses you. The gnoll closely misses you.
You closely miss the gnoll. The kobold hits you with a dagger.
The gnoll hits you with a whip.
You hit the gnoll.
The gnoll is moderately wounded.
The kobold hits you with a dagger. The gnoll hits you with a whip!
You die...

≈≈....♣≈≈..####.#........# ....
≈.♣..8..≈≈...##.#........# ....
.......♣.≈≈.....#........# #...
....♣.....≈..##.#........# #...
.8........≈..##.#........#####...
....<.8..≈≈.###.##..#............
≈....♣..≈≈..# #.##..##########...
≈≈.....≈≈..####+##..# #.........
.≈≈≈≈≈≈≈..##...K@...# #.......##
.........###....g...####.......#
..........###.#.###.........†####
###########..... #.########.....
### #.#..... #.. #..##. ..####
#.#..... .... #..#.. .....#
#.#..... #### #..... #.##.#
#.#..... #..... ...#.# #.# #.....


You could see a gnoll and a kobold.

Vanquished Creatures
  A giant gecko (D:1)
  A ball python (D:1)
  3 bats (D:1)
  2 jackals (D:1)
  2 giant newts (D:1)
  3 goblins (D:1)
  3 rats (D:1)
15 creatures vanquished.

Notes
Turn   | Place    | Note
--------------------------------------------------------------
     0 | D:1      | Shtopit the Merfolk Transmuter began the quest for the Orb.
     0 | D:1      | Reached XP level 1. HP: 15/15 MP: 3/3
   260 | D:1      | Reached XP level 2. HP: 21/21 MP: 3/5
   517 | D:1      | Slain by a gnoll

Action                   || total
-------------------------++-------
Melee: Unarmed           ||    67
 Cast: Beastly Appendage ||     6
